Map: Pillars of Gold LE

Players

Neeblet (Neeb) - Winner!

  • Race: Protoss Protoss
  • League: Grandmaster
  • Spawn Location: 1:00

Reynor

  • Race: Zerg Zerg
  • League: Master
  • Spawn Location: 7:00

Event: ASUS ROG Online 2020

VOD

Have the link to the VOD?

Description

Time

  • Played on: Nov. 27, 2020, 4:40 p.m.
  • Length: 17:41

All games in this series

Show
View Real Time Build Order
Export as new Build Order

Neeblet Protoss - Winner!

Build Orders: 1 Gate Expand, Archon Immortal, Mass Adepts 

Get SALT Encoding   

  12  0:00  Probe  
  13  0:12  Probe  
  14  0:17  Pylon  
  14  0:24  Probe  
  15  0:29  Assimilator  
  15  0:36  Probe (Chrono Boost)  
  16  0:45  Gateway  
  16  0:49  Probe (Chrono Boost)  
  17  0:57  Probe (Chrono Boost)  
  18  1:04  Probe  
  19  1:16  Probe  
  20  1:26  Nexus  
  20  1:36  Cybernetics Core  
  20  1:39  Probe  
  21  1:45  Assimilator  
  21  1:51  Probe  
  22  1:54  Pylon  
  22  2:03  Probe (Chrono Boost)  
  23  2:10  Adept (Chrono Boost)  
  23  2:13  Warp Gate, Probe (Chrono Boost)  
  26  2:18  Probe (Chrono Boost)  
  27  2:24  Twilight Council  
  27  2:30  Probe  
  27  2:33  Stalker (Chrono Boost)  
  30  2:38  Probe  
  30  2:42  Probe  
  32  2:50  Robotics Facility  
  32  2:52  Probe  
  32  2:55  Probe  
  34  3:04  Probe  
  35  3:08  Gateway  
  35  3:10  Gateway  
  35  3:13  Resonating Glaives (Chrono Boost)  
  35  3:17  Probe  
  35  3:18  Probe  
  37  3:27  Gateway  
  37  3:31  Gateway  
  37  3:34  Probe  
  38  3:35  Probe  
  38  3:41  Warp Prism (Chrono Boost)  
  39  3:48  Pylon  
  41  3:54  Pylon  
  41  4:02  Adept x2  
  45  4:05  Probe  
  45  4:06  Adept, Probe  
  45  4:09  Pylon  
  49  4:15  Observer  
  51  4:17  Probe  
  51  4:30  Adept x5  
  61  4:33  Pylon  
  61  4:40  Probe  
  62  4:52  Adept x3  
  68  4:55  Adept x4  
  68  4:56  Adept  
  68  4:57  Probe  
  68  4:58  Probe  
  74  5:09  Probe  
  74  5:10  Probe  
  70  5:19  Pylon  
  66  5:25  Assimilator  
  66  5:26  Adept  
  66  5:27  Adept x4  
  77  5:28  Assimilator, Probe  
  77  5:30  Probe  
  76  5:42  Immortal  
  80  5:47  Probe  
  80  5:48  Adept x3  
  83  5:52  Adept  
  79  6:01  Probe  
  76  6:10  Probe  
  71  6:14  Forge  
  67  6:18  Nexus  
  67  6:19  Immortal (Chrono Boost)  
  67  6:24  Probe  
  72  6:26  Probe  
  72  6:31  Charge, Pylon  
  72  6:32  Sentry  
  75  6:36  Probe  
  75  6:39  Probe  
  77  6:42  Sentry  
  79  6:48  Immortal (Chrono Boost)  
  79  6:49  Probe  
  79  6:51  Probe  
  85  6:56  Protoss Ground Weapons Level 1 (Chrono Boost)  
  85  6:58  Shield Battery  
  85  7:01  Probe  
  86  7:03  Probe  
  86  7:06  Sentry  
  89  7:12  Pylon  
  89  7:13  Probe  
  90  7:21  Immortal  
  94  7:29  Probe (Chrono Boost)  
  94  7:30  Observer  
  94  7:32  Gateway, Probe (Chrono Boost)  
  94  7:33  Probe (Chrono Boost)  
  94  7:34  Gateway  
  94  7:35  Assimilator, Gateway  
  93  7:37  Assimilator  
  93  7:42  Probe (Chrono Boost)  
  93  7:44  Probe (Chrono Boost)  
  96  7:46  Probe (Chrono Boost)  
  96  7:47  Probe (Chrono Boost)  
  96  7:48  Probe (Chrono Boost)  
  98  7:53  Probe  
  98  7:56  Templar Archives, Probe  
  98  7:58  Pylon, Immortal (Chrono Boost)  
  100  8:00  Pylon  
  100  8:02  Probe  
  105  8:08  Photon Cannon  
  105  8:10  Pylon  
  105  8:11  Photon Cannon  
  105  8:17  Sentry  
  107  8:30  Immortal  
  107  8:32  High Templar  
  107  8:33  Zealot x4, High Templar  
  123  8:36  Photon Cannon  
  123  8:37  Archon  
  123  8:45  High Templar x2  
  127  8:50  Archon  
  127  8:54  Nexus  
  127  8:59  Pylon  
  127  9:00  Protoss Ground Weapons Level 2 (Chrono Boost)  
  127  9:10  Zealot x4, High Templar x2  
  127  9:16  Archon  
  135  9:18  Probe  
  135  9:19  Probe  
  135  9:24  Probe  
  138  9:26  Immortal  
  138  9:39  Probe  
  138  9:41  Probe  
  138  9:44  Probe  
  139  9:47  High Templar  
  139  9:48  Shield Battery, Zealot, Photon Cannon, High Templar x3  
  149  9:53  Pylon  
  149  9:54  Psionic Storm  
  149  9:56  Assimilator  
  149  10:02  Assimilator  
  150  10:07  Probe x2  
  150  10:08  Probe  
  150  10:10  Pylon  
  152  10:14  Immortal  
  154  10:21  Photon Cannon  
  154  10:32  High Templar  
  154  10:33  Zealot x6, High Templar  
  170  10:37  Archon  
  168  10:47  Pylon  
  168  10:49  Pylon  
  168  10:51  Pylon  
  168  10:53  Immortal  
  172  11:05  High Templar x3  
  172  11:07  High Templar  
  172  11:08  Zealot x4  
  172  11:09  Blink (Chrono Boost)  
  172  11:10  Archon  
  188  11:18  Stargate  
  186  11:21  Probe  
  187  11:28  Stalker x2  
  187  11:29  Stalker  
  187  11:33  Stalker  
  177  11:41  Stalker x2  
  177  11:42  Stalker x2  
  181  11:52  Stalker x3  
  185  11:58  Protoss Ground Weapons Level 3 (Chrono Boost)  
  185  12:01  Probe  
  185  12:03  Stargate  
  185  12:05  Stalker x5  
  188  12:13  Zealot  
  183  12:16  Probe (Chrono Boost)  
  183  12:19  Stalker x2, Probe (Chrono Boost)  
  183  12:22  Probe x2 (Chrono Boost)  
  185  12:25  Probe (Chrono Boost)  
  185  12:28  Probe x2 (Chrono Boost)  
  185  12:29  Probe (Chrono Boost)  
  181  12:34  Immortal  
  181  12:35  Fleet Beacon  
  181  12:36  Probe  
  183  12:37  Stargate  
  183  12:38  Stalker x2  
  183  12:39  Probe x2  
  183  12:40  Probe  
  186  12:52  Dark Shrine  
  186  13:00  Stalker x2  
  186  13:01  Stalker  
  186  13:02  Protoss Air Weapons Level 1 (Chrono Boost)  
  174  13:14  Probe  
  174  13:16  Probe  
  174  13:17  Probe  
  178  13:24  Observer  
  178  13:25  Probe  
  171  13:30  Carrier x2  
  183  13:40  Carrier  
  177  13:42  Probe x2  
  177  13:46  Photon Cannon  
  179  13:50  High Templar x2  
  183  13:59  Stalker, Zealot  
  183  14:00  Stalker x2  
  167  14:23  Probe x2  
  159  14:26  High Templar  
  159  14:27  High Templar x3  
  167  14:36  Nexus  
  167  14:37  Stalker x4  
  175  14:40  Photon Cannon  
  168  15:02  Probe  
  168  15:03  Probe  
  162  15:15  Stalker x4  
  162  15:16  Stalker x3  
  162  15:17  Protoss Shields Level 1 (Chrono Boost)  
  173  15:25  Dark Templar  
  172  15:40  Dark Templar x4  
  176  15:48  Stalker x3  
  147  16:02  Stalker  
  139  16:16  Stalker x4  
  147  16:30  Nexus  
  145  16:37  High Templar x4  
  151  16:54  Stalker x4  
  147  17:10  Stalker x4  
  143  17:30  Stalker x4  
  143  17:33  Stalker x4  
Show
View Real Time Build Order
Export as new Build Order

Reynor Zerg 

Build Orders: Hatch First 

Get SALT Encoding   

  12  0:00  Drone  
  13  0:13  Overlord  
  13  0:17  Drone  
  14  0:31  Drone x2  
  16  0:50  Hatchery  
  16  0:54  Drone  
  16  0:57  Drone  
  17  1:01  Drone  
  18  1:11  Extractor  
  17  1:18  Spawning Pool  
  17  1:21  Drone  
  17  1:24  Drone  
  18  1:29  Drone  
  19  1:40  Drone  
  20  1:51  Overlord  
  20  2:03  Drone x2  
  20  2:05  Queen  
  24  2:11  Drone  
  24  2:13  Drone  
  24  2:15  Pneumatized Carapace  
  26  2:23  Zergling x2, Drone  
  28  2:33  Zergling x2  
  28  2:34  Drone  
  30  2:39  Hatchery  
  29  2:45  Queen  
  29  2:48  Drone  
  29  2:50  Drone  
  33  2:54  Metabolic Boost  
  33  2:59  Overlord  
  33  3:02  Drone  
  34  3:07  Drone x2  
  36  3:17  Overlord  
  36  3:19  Drone  
  37  3:20  Queen  
  37  3:26  Drone  
  40  3:28  Queen, Drone  
  43  3:37  Drone  
  43  3:39  Drone  
  45  3:49  Drone x2  
  45  3:50  Roach Warren  
  45  3:52  Zergling x4, Drone x2  
  45  3:53  Queen  
  52  3:59  Overlord  
  52  4:01  Drone x2  
  55  4:10  Zergling x2  
  55  4:11  Zergling x2, Spine Crawler  
  55  4:16  Queen  
  57  4:19  Zergling x2  
  57  4:21  Zergling x2  
  57  4:23  Overlord  
  59  4:24  Zergling x2  
  60  4:31  Roach  
  60  4:33  Roach  
  60  4:34  Roach  
  60  4:37  Overlord  
  66  4:42  Overlord  
  66  4:43  Roach x2  
  70  4:46  Roach x2  
  70  4:52  Overlord  
  74  4:56  Drone x3  
  74  4:57  Drone x2  
  79  5:02  Queen  
  79  5:09  Zergling x6, Roach x2  
  76  5:14  Roach  
  76  5:15  Queen  
  76  5:18  Roach  
  76  5:19  Zergling x2  
  77  5:26  Drone x2  
  70  5:30  Roach  
  72  5:39  Drone x3  
  71  5:44  Drone  
  71  5:53  Drone  
  66  5:58  Drone x2  
  66  6:01  Drone  
  66  6:05  Drone  
  66  6:06  Drone  
  66  6:10  Drone x2  
  70  6:17  Drone x2  
  71  6:19  Drone  
  71  6:23  Drone  
  71  6:24  Drone  
  72  6:27  Drone  
  72  6:29  Drone  
  72  6:30  Drone  
  75  6:34  Extractor x2, Drone  
  75  6:38  Drone x2  
  76  6:42  Drone x2  
  76  6:46  Drone x2  
  80  6:49  Drone x2  
  82  6:55  Lair  
  82  6:56  Evolution Chamber  
  82  6:57  Drone  
  82  6:59  Drone  
  82  7:01  Drone x2  
  84  7:06  Overlord  
  84  7:07  Drone x2  
  87  7:10  Drone  
  87  7:11  Drone  
  87  7:12  Drone  
  87  7:13  Drone  
  90  7:16  Extractor  
  90  7:20  Drone x2  
  90  7:22  Drone x2  
  89  7:23  Drone  
  89  7:24  Drone  
  89  7:29  Drone x3  
  93  7:32  Drone  
  93  7:33  Drone x2  
  93  7:36  Extractor  
  94  7:38  Extractor, Zerg Missile Weapons Level 1  
  94  7:40  Drone  
  94  7:42  Drone x2  
  96  7:46  Overlord  
  96  7:47  Drone  
  96  7:49  Drone  
  96  7:50  Drone x2  
  100  7:51  Drone  
  100  7:54  Drone x2  
  100  7:57  Glial Reconstitution  
  103  8:12  Overseer  
  103  8:13  Hatchery  
  103  8:16  Roach x3  
  103  8:17  Roach x3  
  114  8:21  Overlord x2  
  114  8:24  Overlord  
  114  8:26  Overlord  
  114  8:38  Overlord  
  114  8:41  Roach x7  
  126  8:47  Spire  
  127  8:49  Roach x2  
  127  8:52  Drone x2  
  127  8:55  Drone x2, Ravager  
  136  8:56  Ravager x3  
  136  9:00  Roach  
  136  9:01  Roach  
  136  9:02  Ravager x2  
  145  9:06  Roach x2  
  145  9:09  Drone x2  
  151  9:11  Roach  
  151  9:12  Overlord  
  151  9:15  Overlord  
  153  9:18  Ravager  
  153  9:21  Overlord  
  154  9:29  Roach x3  
  148  9:39  Roach x8  
  148  9:44  Extractor  
  148  9:45  Extractor  
  158  9:47  Ravager x2  
  158  9:48  Roach x2  
  158  9:49  Roach x3  
  170  9:52  Overlord  
  170  10:01  Mutalisk x5  
  170  10:06  Mutalisk  
  182  10:11  Mutalisk  
  182  10:13  Drone x6  
  190  10:16  Mutalisk  
  192  10:22  Overlord x2  
  192  10:23  Zerg Flyer Weapons Level 1  
  192  10:28  Overlord  
  192  10:35  Overlord  
  192  10:41  Mutalisk x3  
  192  10:42  Mutalisk  
  200  10:55  Mutalisk x3  
  200  11:01  Zerg Missile Weapons Level 2  
  200  11:03  Spine Crawler  
  199  11:05  Spine Crawler  
  199  11:11  Roach  
  200  11:21  Spine Crawler x2, Hatchery  
  200  11:25  Ravager x3  
  198  11:36  Roach x4  
  196  11:52  Roach x9  
  200  11:59  Overlord  
  200  12:05  Roach  
  200  12:10  Ravager x4  
  200  12:13  Infestation Pit  
  199  12:19  Roach x2  
  187  12:37  Drone x4  
  187  12:38  Drone x3  
  192  12:46  Ravager  
  192  12:47  Ravager x7  
  198  12:53  Ravager x2  
  198  12:55  Hive  
  200  13:01  Hatchery  
  195  13:11  Roach x13  
  199  13:17  Roach x6  
  199  13:18  Zerg Ground Armor Level 1  
  197  13:26  Roach x4  
  197  13:27  Roach x2  
  199  13:40  Zerg Flyer Weapons Level 2  
  199  13:46  Ravager  
  164  14:11  Extractor  
  164  14:13  Extractor  
  164  14:15  Roach x2  
  164  14:16  Roach x22  
  189  14:29  Ravager x10  
  197  14:34  Drone x3  
  197  14:37  Overseer  
  200  14:59  Hatchery  
  168  15:10  Corruptor x9  
  168  15:13  Zergling x10, Roach x9  
  186  15:28  Zergling x4, Roach x6  
  190  15:40  Roach x7  
  190  15:41  Roach x2  
  193  15:49  Roach x7  
  160  16:02  Roach x10  
  147  16:06  Roach  
  147  16:08  Queen  
  147  16:10  Roach  
  153  16:12  Roach  
  153  16:15  Ravager x9  
  153  16:16  Zergling x6  
  153  16:17  Queen x2  
  160  16:20  Zergling x2  
  160  16:22  Zergling x2  
  160  16:23  Ravager  
  160  16:24  Zergling x4  
  156  16:27  Overseer x2  
  147  16:33  Roach  
  147  16:34  Roach x3  
  139  16:40  Roach x3  
  138  16:47  Roach x2  
  132  16:58  Zergling x16  
  127  17:08  Ravager  
  127  17:09  Ravager  
  127  17:14  Zergling x14  
  135  17:17  Zergling x2, Roach x2  
  135  17:19  Overlord  
  124  17:24  Zergling x2  
Tags
 
Add a new tag
Caveats
  • Supply blocks, unpowered buildings, or Contaminate may cause inaccurate times.
  • Supply counts are checked every 10 seconds.